 Dungeon Crawl Stone Soup version 0.28.0 (webtiles) character file.

Game seed: 1964504424990450664

67 Colgate the Gusty (level 4, -1/24 HPs)
             Began as a Kobold Air Elementalist on Feb 13, 2022.
             Was a Follower of Kikubaaqudgha.
             Slain by a gnoll (14 damage)
             ... on level 3 of the Dungeon.
             The game lasted 00:13:00 (3094 turns).

Colgate the Gusty (Kobold Air Elementalist)         Turns: 3094, Time: 00:13:00

Health: -1/24      AC:  9    Str:  5    XL:     4   Next: 38%
Magic:  7/7        EV: 12    Int: 18    God:    Kikubaaqudgha [*.....]
Gold:   162        SH:  0    Dex: 21    Spells: 4/7 levels left

rFire   . . .      SeeInvis .   b - +0 short sword
rCold   x . .      Faith    .   (no shield)
rNeg    + . .      Spirit   .   k - +4 ring mail of Happy Babbling {rPois rC- rN+ Will+}
rPois   +          Reflect  .   (no helmet)
rElec   .          Harm     .   (no cloak)
rCorr   .          Rampage  .   (no gloves)
Will    +....                   (no boots)
Stlth   +++.......              (no amulet)
HPRegen 0.08/turn               l - +6 ring of dexterity
MPRegen 0.10/turn               (no ring)

@: no status effects
A: small, no large weapons, nightstalker 3
a: Renounce Religion, Receive Corpses


You were on level 3 of the Dungeon.
You worshipped Kikubaaqudgha.
Kikubaaqudgha was aware of your devotion.
You visited 1 branch of the dungeon, and saw 3 of its levels.

You collected 162 gold pieces.

Inventory:

Hand Weapons
 a - a +0 dagger
 b - a +0 short sword (weapon)
Missiles
 g - 121 stones
 q - 6 boomerangs (quivered)
Armour
 f - a +0 robe
 k - the +4 ring mail of Happy Babbling (worn) {rPois rC- rN+ Will+}
   (You found it on level 2 of the Dungeon)

   rC:        It makes you vulnerable to cold.
   rPois:     It protects you from poison.
   rN:        It protects you from negative energy.
   Will:      It increases your willpower.
 m - a +2 leather armour of cold resistance
Jewellery
 l - a +6 ring of dexterity (left hand)
 s - a ring of ice
Scrolls
 d - a scroll of teleportation {unknown}
 e - a scroll of acquirement {unknown}
 i - a scroll of summoning {unknown}
 n - a scroll of immolation {unknown}
 o - 3 scrolls of magic mapping {unknown}
 p - 2 scrolls of identify {unknown}
 r - a scroll of enchant weapon {unknown}
 t - a scroll of fog {unknown}
Potions
 c - 2 potions of curing {unknown}
 h - a potion of cancellation {unknown}
 j - a potion of flight {unknown}


   Skills:
 - Level 2.0 Short Blades
 + Level 0.7 Armour
 - Level 2.4 Dodging
 - Level 3.0 Stealth
 - Level 2.1 Spellcasting
 - Level 1.0 Conjurations
 - Level 1.0 Necromancy
 - Level 4.0 Air Magic


You had 4 spell levels left.
You knew the following spells:

 Your Spells              Type           Power      Damage    Failure   Level
a - Shock                 Conj/Air       44%        1d5       30%         1
b - Static Discharge      Conj/Air       11%        N/A       41%         2

Your spell library contained the following spells:

 Spells                   Type           Power      Damage    Failure   Level
 Swiftness                Air            16%        N/A       43%         3
 Animate Skeleton         Necr           10%        N/A       50%         1
 Pain                     Necr           20%        1d5       50%         1
 Sublimation of Blood     Necr           5%         N/A       63%         2
 Wereblood                Tmut           1%         N/A       77%         2
 Airstrike                Air            8%         N/A       83%         4
 Vampiric Draining        Necr           5%         2d6       86%         3
 Frozen Ramparts          Ice            2%         1d2       94%         3
 Ice Form                 Ice/Tmut       1%         N/A       100%        4
 Summon Ice Beast         Ice/Summ       1%         N/A       100%        4
 Summon Hydra             Summ           0%         N/A       100%        7


Dungeon Overview and Level Annotations

Branches:
Dungeon (3/15)

Altars:
Kikubaaqudgha


Innate Abilities, Weirdness & Mutations

You are small and have problems with some larger weapons.
You are completely attuned to the shadows.


Message History

The gnoll closely misses you.
You hit the gnoll.
The gnoll is severely wounded.
The gnoll barely misses you.
You completely miss the gnoll.
The gnoll is severely wounded.
The gnoll closely misses you.
You hit the gnoll.
You kill the gnoll!
Kikubaaqudgha accepts your kill. The gnoll closely misses you.
A gnoll comes into view. It is wielding a +0 flail.
The gnoll hits you with a +0 halberd.
You see here a +0 whip.
You barely miss the gnoll. The gnoll barely misses you.
You hit the gnoll.
The gnoll is moderately wounded.
The gnoll closely misses you. The gnoll hits you with a +0 flail.
The gnoll closely misses you.
You hit the gnoll.
The gnoll is heavily wounded.
The gnoll barely misses you. The gnoll closely misses you.
You hit the gnoll.
The gnoll is heavily wounded.
The gnoll misses you. x2
You hit the gnoll but do no damage.
The gnoll is heavily wounded.
The gnoll misses you. The gnoll hits you but does no damage.
You closely miss the gnoll.
The gnoll is heavily wounded.
The gnoll barely misses you. The gnoll hits you with a +0 flail.
You barely miss the gnoll.
The gnoll is heavily wounded.
The gnoll closely misses you. The gnoll hits you with a +0 flail.
You completely miss the gnoll.
The gnoll is heavily wounded.
The gnoll hits you with a +0 halberd!
Ouch! That really hurt!
You die...
Kikubaaqudgha rasps: "You have failed me!
Welcome... death!"

##############...#.#.......
#....# #.###.#.....##
#....# #.....#....###
#....# #######....# #....#
#..#.##...### #....#
#.##..##.....
#....#####...)........
#...g.#.##.###.##.....
#....@#.#g...#.####.##
#####g#...##.#.# #....
##...####.#.#######
#####...## #.#.#..#
#........####.#.#..#
#...........#.#.#..#
#........####.#.#..####
#........####.#.#......
#...........#.#.#.#####


You could see 2 gnolls.

Vanquished Creatures
  A gnoll (D:3)
  A worm (D:2)
  2 dart slugs (D:2)
  6 bats
  3 endoplasms
  2 giant cockroaches (D:2)
  A goblin (D:2)
  7 hobgoblins
  6 jackals (D:1)
  A quokka (D:3)
  3 ball pythons
  2 frilled lizards (D:3)
  2 kobolds (D:1)
  10 rats
47 creatures vanquished.

Notes
Turn   | Place    | Note
-------+----------+-------------------------------------------
     0 | D:1      | Colgate the Kobold Air Elementalist began the quest for the
                  | Orb.
     0 | D:1      | Reached XP level 1. HP: 10/10 MP: 3/3
   456 | D:1      | Reached XP level 2. HP: 15/15 MP: 5/5
   459 | D:1      | Learned a level 2 spell: Static Discharge
   977 | D:1      | Found a faded altar of an unknown god.
   989 | D:1      | Reached skill level 4 in Air Magic
   989 | D:1      | Reached XP level 3. HP: 14/19 MP: 1/6
   990 | D:1      | Prayed at the altar of an unknown god.
   990 | D:1      | Became a worshipper of Kikubaaqudgha
   990 | D:1      | Reached * piety under Kikubaaqudgha
   990 | D:1      | Received a gift from Kikubaaqudgha
  1406 | D:2      | Identified the +4 ring mail of Happy Babbling {rPois rC-
                  | rN+ Will+}
  1434 | D:2      | Reached skill level 1 in Necromancy
  1707 | D:2      | Reached skill level 1 in Short Blades
  2274 | D:2      | Reached XP level 4. HP: 19/24 MP: 7/7
  3094 | D:3      | Slain by a gnoll

Illustrated notes

Levels and vault maps discovered:
D:1:      erik_arrival_orb_chamber, layout_loops_ring,
          hellmonk_ecumenical_altar_dog_temple
D:2:      layout_basic, grunt_decor_fettered
D:3:      layout_rooms, serial_co_window_serial, co_window_paths_b,
          co_window_paths_b, co_window_corner_a, co_window_corner_a,
          co_window_paths_b, co_window_2corner, co_window_unsneaky_path_e,
          co_window_of_opportunity_b, co_window_corner_cb, co_window_2corner,
          chequers_serial_rivers_micro_c

Skill      XL: |  1  2  3  4 |
---------------+-------------+-----
Air Magic      | 4 |  4.0
Necromancy     | 1 |  1.0
Short Blades   | 1 2 |  2.0
Stealth        | 3 |  3.0
Armour         | |  0.7
Dodging        | |  2.4
Spellcasting   | |  2.1
Conjurations   | |  1.0

Action                   |  1- 3 |  4- 6 || total
-------------------------+-------+-------++-------
Melee: Unarmed           |     5 |       ||     5
       Dagger            |    13 |     5 ||    18
       Short sword       |    50 |    32 ||    82
Throw: Boomerang         |       |     2 ||     2
 Cast: Shock             |    13 |       ||    13
       Static Discharge  |    10 |       ||    10
 Stab: Sleeping          |    10 |     2 ||    12
       Distracted        |       |     1 ||     1
Armor: Robe              |     2 |       ||     2
       Ring mail         |     3 |     8 ||    11
Dodge: Dodged            |    44 |    31 ||    75
